 Dungeon Crawl Stone Soup version 0.30-a0-1008-g30c9307041 (webtiles) character file.

Game seed: 12882827818621809710

11372 jimonade the Spear-Bearer (level 11, -3/86 HPs)
             Began as a Demonspawn Gladiator on Apr 6, 2023.
             Was a Follower of Yredelemnul.
             Killed by vampiric draining
             ... invoked by a vampire
              (20 damage)
             ... on level 11 of the Dungeon.
             The game lasted 00:38:29 (11931 turns).

jimonade the Spear-Bearer (Demonspawn Gladiator)   Turns: 11931, Time: 00:38:30

Health: -3/86      AC: 14    Str: 15    XL:     11   Next: 48%
Magic:  15/15      EV: 19    Int: 14    God:    Yredelemnul [*.....]
Gold:   1326       SH:  0    Dex: 14    Spells: 10/10 levels left

rFire   . . .      SeeInvis +    b - +0 halberd (flame)
rCold   . . .      Faith    .    (shield currently unavailable)
rNeg    . . .      Spirit   .    S - +0 swamp dragon scales
rPois   +          Reflect  .    (helmet restricted)
rElec   .          Rampage  .    n - +0 cloak
rCorr   .                        Q - +0 pair of gloves
Will    .....                    D - +2 pair of boots {Stlth+}
Stlth   +++                      N - amulet of the acrobat
HPRegen 0.34/turn                y - +5 ring of evasion
MPRegen 0.14/turn                M - ring of see invisible

@: no status effects
A: horns 1, demonic guardian 1, foul stench 2, sturdy frame 1
a: Renounce Religion, Recall Undead Harvest


You were on level 11 of the Dungeon.
You worshipped Yredelemnul.
Yredelemnul was noncommittal.
You visited 2 branches of the dungeon, and saw 12 of its levels.
You also visited: Sewer and Ossuary.

You collected 1326 gold pieces.

Inventory:

Hand Weapons
 a - a +3 halberd
 b - a +0 halberd of flaming (weapon)
 g - the +4 shortbow of Skirmishing {flame, rC- rCorr Str+3}
   (You found it on level 10 of the Dungeon)

   Str:       It affects your strength (+3).
   rC:        It makes you vulnerable to cold.
   rCorr:     It protects you from acid and corrosion.
 i - a +0 sling
 l - a +0 whip
 z - a +0 spear
 A - a +0 quarterstaff
 H - a +4 mace
 J - a +0 morningstar
 T - a +0 vampiric battleaxe
 Z - a +0 trident
Missiles
 d - a throwing net
 e - a javelin
 v - 27 poisoned darts (quivered)
 V - a curare-tipped dart
Armour
 c - a +0 helmet
 n - a +0 cloak (worn)
 B - a +0 chain mail
 D - a +2 pair of boots of stealth (worn)
 Q - a +0 pair of gloves (worn)
 R - a +2 robe of positive energy
 S - +0 swamp dragon scales (worn)
Magical Staves
 F - a staff of cold
Jewellery
 u - a +6 ring of strength
 y - a +5 ring of evasion (left hand)
 M - a ring of see invisible (right hand)
 N - an amulet of the acrobat (around neck)
 U - an amulet of guardian spirit
Wands
 q - a wand of polymorph (6)
 W - a wand of mindburst (6)
 Y - a wand of charming (3)
Scrolls
 k - 3 scrolls of fear
 s - a scroll of vulnerability
 t - a scroll of amnesia
 x - 3 scrolls of enchant armour
 C - 6 scrolls of teleportation
 E - 3 scrolls of silence
 K - a scroll of blinking
 O - 2 scrolls of identify
 P - a scroll of fog {unknown}
 X - a scroll of immolation {unknown}
Potions
 f - 3 potions of invisibility
 h - 3 potions of might
 j - a potion of flight {unknown}
 m - 2 potions of lignification
 o - 7 potions of mutation
 p - 4 potions of magic
 r - 2 potions of haste {unknown}
 w - 5 potions of curing
 G - 4 potions of attraction
 I - a potion of resistance {unknown}
 L - a potion of brilliance {unknown}


   Skills:
 + Level 7.8 Fighting
 + Level 11.6 Polearms
 + Level 2.9 Throwing
 + Level 6.1 Armour
 + Level 6.9 Dodging
 - Level 2.5 Stealth
 * Level 5.9 Invocations


You had 10 spell levels left.
You didn't know any spells.
Your spell library contained the following spells:

 Spells                   Type           Power      Damage    Failure   Level
 Beastly Appendage        Tmut           0%         N/A       36%         1
 Freeze                   Ice            0%         1d3       36%         1
 Shock                    Conj/Air       0%         1d3       36%         1
 Ensorcelled Hibernation  Hex/Ice        0%         N/A       52%         2
 Passwall                 Tmut/Erth      0%         N/A       52%         2
 Wereblood                Tmut           0%         N/A       52%         2
 Frozen Ramparts          Ice            0%         1d1       75%         3
 Gell's Gravitas          Tloc           0%         N/A       75%         3
 Hailstorm                Conj/Ice       0%         3d3       75%         3
 Spider Form              Tmut/Pois      0%         N/A       75%         3
 Swiftness                Air            0%         N/A       75%         3
 Teleport Other           Tloc           0%         N/A       75%         3
 Airstrike                Air            0%         2d(0-16)  98%         4
 Dispersal                Tloc           0%         N/A       100%        6


Dungeon Overview and Level Annotations

Branches:
Dungeon (11/15)            Temple (1/1) D:4           Sewer (visited)
Ossuary (visited)
   Lair: D:8-11         Orc: D:9-12

Altars:
Ashenzari
Fedhas
Makhleb
Sif Muna
Trog
Uskayaw
Xom
Yredelemnul

Shops:
D:1 ?   D:4 *   D:10 =   D:11 =

Annotations:
D:2 Grinder


Innate Abilities, Weirdness & Mutations

You have a pair of small horns on your head.
A weak demonic guardian rushes to your aid.
You sometimes emit foul miasma when damaged in melee.
Your movements are slightly less encumbered by armour. (ER -2)


Message History

The yak gores you but does no damage.
The vampire hits your centaur warrior zombie!
The vampire barely misses your centaur warrior zombie.
Your wyvern zombie barely misses the wyvern.
You hit the yak.
The yak is almost dead.
The manticore bites your centaur warrior zombie!
The manticore claws your centaur warrior zombie!
The manticore claws your centaur warrior zombie.
Your centaur warrior zombie is destroyed!
Your wyvern zombie bites the wyvern!
The yak misses you.
Your +0 halberd of flaming bursts into flame!
b - a +0 halberd of flaming (weapon)
The manticore bites you but does no damage.
The manticore claws you.
* * * LOW HITPOINT WARNING * * *
A demonic guardian appears!
The manticore claws you but does no damage.
The wyvern bites your wyvern zombie.
You hit the vampire but do no damage.
The vampire is lightly damaged.
Your wyvern zombie closely misses the wyvern.
The vampire closely misses you. x2; The yak gores you but does no damage.
The manticore closely misses you. x2
The manticore claws you but does no damage.
Your wyvern zombie bites the wyvern.
You hit the vampire but do no damage.
The vampire is lightly damaged.
The vampire closely misses you. The vampire barely misses you.
Your wyvern zombie bites the wyvern!
The wyvern dies!
The dead are flying!
The yak misses you. The manticore completely misses you.
The manticore misses you. x2
Your ufetubus hits the manticore but does no damage.
Your ufetubus barely misses the manticore.
You puncture the vampire! You burn the vampire. You headbutt the vampire.
The vampire is heavily damaged.
The vampire draws life force from you!!
You die...
Your body rises from the dead as a mindless zombie.

....... ..##
.....P.....####
.P.....#.#..#..
...........∩.#.#
...............#...
.......Z.Z..........
......YVH.............
#@5#............ .
##..#..........##.#
....#.<...............#
.......<................
..#.....................
#.#.................#
###..........)..#...#.
#....................
#...#........).<......


You could see a manticore (very poisoned, ally target), a yak, a vampire
(invisible), a friendly ufetubus (summoned) and 2 friendly wyvern zombies.

Vanquished Creatures
  A hydra (D:9)
  An ugly thing (D:9)
  A manticore (D:11)
  17 yaks
  A vampire (D:10)
  5 wyverns
  A wraith (D:10)
  A steam dragon (D:9)
  An acid dragon (D:10)
  3 water moccasins
  Pargi (Sewer)
  A centaur (D:8)
  3 kobold brigands
  2 bullfrogs
  A gnoll sergeant (D:10)
  4 scorpions
  3 wights (D:6)
  2 water moccasin zombies (Ossuary)
  18 killer bees
  A howler monkey (D:5)
  A hound (D:4)
  A jelly (D:6)
  5 orc priests
  3 iguanas
  7 orc wizards
  2 mummies (Ossuary)
  5 gnolls
  4 adders
  3 shadow imps
  3 white imps
  A worm zombie (D:6)
  3 adder zombies (Ossuary)
  2 worms
  A dart slug (D:2)
  20 orcs
  5 bats
  8 endoplasms
  6 giant cockroaches
  2 gnoll zombies (Ossuary)
  A goblin (D:4)
  5 hobgoblins
  2 jackals (D:2)
  14 kobolds
  3 quokkas
  A ball python (D:4)
  4 frilled lizards
  7 hobgoblin zombies (Ossuary)
  A kobold zombie (Ossuary)
  10 orc zombies
  4 rats
202 creatures vanquished.

Vanquished Creatures (collateral kills)
  A centaur warrior (D:11)
  Maggie (D:8)
  A shadow (D:10)
  5 yaks
  3 wyverns (D:11)
  4 water moccasins
  An orc warrior (D:10)
  A kobold brigand (D:9)
  A phantom (D:6)
  A scorpion (D:6)
  A wight (D:6)
  A water moccasin zombie (Ossuary)
  3 killer bees (D:9)
  2 howler monkeys (D:8)
  2 jellies
  An orc priest (D:8)
  A gnoll bouda (D:7)
  A sleepcap (D:7)
  3 gnolls
  An ufetubus (D:5)
  A worm zombie (D:6)
  An adder zombie (Ossuary)
  5 orcs
  A hobgoblin (D:4)
  11 kobolds
  A kobold zombie (Ossuary)
55 creatures vanquished.

Vanquished Creatures (others)
  A centaur zombie (D:11)
  A hydra zombie (D:9)
  A manticore zombie (D:11)
  A wyvern zombie (D:11)
  3 water moccasin zombies (D:11)
  6 yak zombies (D:9)
  A bullfrog zombie (D:8)
  A scorpion zombie (D:6)
  7 killer bee zombies
  An acid dragon zombie (D:10)
  A steam dragon zombie (D:9)
  An iguana zombie (D:7)
  A jelly zombie (D:6)
  A spectral shadow imp (D:6)
  3 gnoll zombies (D:10)
  3 kobold zombies
  10 orc zombies
  A bush (D:11)
  4 fungi (D:11)
  15 plants (D:11)
63 creatures vanquished.

Grand Total: 320 creatures vanquished

Notes
Turn   | Place    | Note
-------+----------+-------------------------------------------
     0 | D:1      | jimonade the Demonspawn Gladiator began the quest for the
                  | Orb.
     0 | D:1      | Reached XP level 1. HP: 16/16 MP: 1/1
   120 | D:1      | Found a faded altar of an unknown god.
   140 | D:1      | Found Bagoopp's Magic Scroll Shop.
   253 | D:1      | Reached skill level 3 in Polearms
   898 | D:2      | Gained mutation: A weak demonic guardian rushes to your
                  | aid. [demonic ancestry]
   898 | D:2      | Reached XP level 2. HP: 22/22 MP: 2/2
  1558 | D:2      | Gained mutation: You may rarely emit foul miasma when
                  | damaged in melee. [demonic ancestry]
  1558 | D:2      | Reached XP level 3. HP: 27/27 MP: 3/3
  1963 | D:3      | Found a shimmering altar of Xom.
  2230 | D:3      | Noticed Grinder
  2380 | D:3      | Reached skill level 1 in Armour
  2465 | D:3      | Paralysed by Grinder for 2 turns
  2988 | D:4      | Reached XP level 4. HP: 33/33 MP: 4/4
  3146 | D:4      | Found a staircase to the Ecumenical Temple.
  3185 | Temple   | Entered the Ecumenical Temple
  3196 | Temple   | Became a worshipper of Yredelemnul the Dark
  3224 | D:4      | Reached skill level 4 in Polearms
  3224 | D:4      | Reached XP level 5. HP: 26/39 MP: 5/5
  3337 | D:4      | Found Genodo's Elemental Accessories.
  3935 | D:5      | Entered Level 5 of the Dungeon
  3982 | D:5      | Noticed a water moccasin
  3997 | D:5      | Killed a water moccasin
  3998 | D:5      | Reached skill level 1 in Stealth
  3998 | D:5      | Reached XP level 6. HP: 22/46 MP: 6/6
  4127 | D:5      | Reached * piety under Yredelemnul
  4140 | D:5      | Noticed a water moccasin
  4149 | D:5      | Killed a water moccasin
  4227 | D:5      | Reached skill level 5 in Polearms
  4309 | D:5      | Found a glowing drain.
  4317 | Sewer    | Entered a sewer
  4380 | Sewer    | Noticed Pargi
  4394 | Sewer    | Killed Pargi
  4547 | D:5      | Reached XP level 7. HP: 44/52 MP: 7/7
  5187 | D:6      | Found a sand-covered staircase.
  5207 | Ossuary  | Entered an ossuary
  5273 | Ossuary  | Reached skill level 6 in Polearms
  5273 | Ossuary  | Reached skill level 1 in Invocations
  5358 | Ossuary  | Gained mutation: Your movements are slightly less
                  | encumbered by armour. (ER -2) [demonic ancestry]
  5358 | Ossuary  | Reached XP level 8. HP: 58/60 MP: 8/8
  5639 | D:6      | Reached skill level 7 in Polearms
  5744 | D:6      | Identified a scroll of acquirement
  5744 | D:6      | Acquired 621 gold pieces
  6403 | D:7      | Reached skill level 8 in Polearms
  6427 | D:7      | HP: 2/61 [poisoned by a killer bee]
  6439 | D:7      | Reached XP level 9. HP: 12/66 MP: 9/9
  7002 | D:7      | Reached skill level 5 in Fighting
  7370 | D:7      | Found a shimmering blue altar of Sif Muna.
  7649 | D:8      | Noticed Maggie
  8025 | D:8      | Killed Maggie
  8077 | D:8      | Reached skill level 5 in Dodging
  8079 | D:8      | Reached ** piety under Yredelemnul
  8320 | D:8      | Reached skill level 9 in Polearms
  8366 | D:8      | Reached *** piety under Yredelemnul
  8927 | D:9      | Noticed a six-headed hydra
  8929 | D:9      | Noticed a purple ugly thing
  9341 | D:9      | Killed a six-headed hydra
  9342 | D:9      | Reached skill level 5 in Armour
  9342 | D:9      | Gained mutation: You sometimes emit foul miasma when
                  | damaged in melee. [demonic ancestry]
  9342 | D:9      | Reached XP level 10. HP: 36/76 MP: 10/12
  9621 | D:9      | Reached skill level 10 in Polearms
  9864 | D:9      | Killed a purple ugly thing
 10284 | D:10     | Entered Level 10 of the Dungeon
 10331 | D:10     | Found Syebeah's Jewellery Boutique.
 10574 | D:10     | Identified the +4 shortbow of Skirmishing {flame, rC- rCorr
                  | Str+3}
 10663 | D:10     | Reached skill level 11 in Polearms
 10663 | D:10     | Gained mutation: You have a pair of small horns on your
                  | head. [demonic ancestry]
 10663 | D:10     | Reached XP level 11. HP: 45/84 MP: 13/13
 11856 | D:11     | Reached skill level 5 in Invocations
 11891 | D:11     | Found Onykis's Jewellery Emporium.
 11902 | D:11     | Noticed a centaur warrior
 11914 | D:11     | Killed a centaur warrior
 11931 | D:11     | Killed from afar by a vampire

Illustrated notes

Levels and vault maps discovered:
D:1:      dpeg_arrival_signposts, layout_basic, serial_shops, shop,
          shapermc_ecumenical_altar_mp_ritualfount
D:2:      layout_basic, minmay_misc_feat_secret_circle, eino_tiny_chamber
D:3:      layout_loops_ring, lemuel_tele_altar, uniq_grinder
D:4:      layout_gridville, minmay_temple_entry_grid, nicolae_elemental_shop,
          solitary_fountain, minmay_pentomino_pile
D:5:      layout_rooms, portal_sewer_entry_b
D:6:      layout_rooms, enter_ossuary_3, bh_walls_and_bars
D:7:      layout_loops_corners, gammafunk_temple_overflow_pools,
          mainiacjoe_overflow_tiny_flanked
D:8:      layout_gridville, minmay_misc_feat_ornament, uniq_maggie
D:9:      layout_long_grid, minivault_20
D:10:     layout_basic, serial_shops, shop, kennysheep_generic_room_13
D:11:     layout_layer_cave, minmay_lair_entry_grove, serial_shops, shop
Temple:   nicolae_temple_bog_church

Skill      XL: |  1  2  3  4  5  6  7  8  9 10 11 |
---------------+----------------------------------+-----
Polearms       | 3 4 5 6 8 9 11 | 11.6
Dodging        | 3 4 5 6 |  6.9
Armour         | 1 2 3 4 5 6 |  6.1
Throwing       | 2 |  2.9
Stealth        | 1 2 |  2.5
Fighting       | 3 4 6 7 |  7.8
Invocations    | 1 2 3 5 |  5.9

Action                     |  1- 3 |  4- 6 |  7- 9 | 10-12 || total
---------------------------+-------+-------+-------+-------++-------
  Melee: Trident           |   149 |    97 |   512 |   201 ||   959
         Punch             |     1 |     1 |     4 |     1 ||     7
         Halberd           |       |       |       |   132 ||   132
         Headbutt          |       |       |       |    25 ||    25
  Throw: Throwing net      |       |     6 |     3 |     3 ||    12
         Dart              |       |       |       |     1 ||     1
 Invoke: Recall Undead Har |       |     2 |    15 |     9 ||    26
    Use: Scroll            |     3 |     3 |    14 |       ||    20
         Potion            |       |       |     2 |       ||     2
   Stab: Sleeping          |       |     4 |    16 |     2 ||    22
         Distracted        |       |       |     6 |     6 ||    12
         Held in net/web   |       |       |       |     1 ||     1
 Armour: Ring mail         |    40 |    21 |    88 |       ||   149
         Leather armour    |     1 |       |       |       ||     1
         Swamp dragon scal |       |       |    53 |    95 ||   148
  Dodge: Dodged            |    83 |    65 |   355 |   314 ||   817

Table legend: (Time is in decaauts)
 A = Elapsed time spent in this place.
 B = Non-inter-level travel time spent in this place.
 C = Inter-level travel time spent in this place.
 D = Time resting spent in this place.
 E = Time spent auto-exploring this place.
 F = Levels seen in this place.
 G = Mean time per level.
                   A        B        C        D        E       F      G
               +--------+--------+--------+--------+--------+-----+--------+
         Total |  11858 |  11453 |    405 |   1887 |   5715 |  14 |  847.0 |
       Dungeon |  11352 |  10955 |    397 |   1824 |   5621 |  11 | 1032.0 |
        Temple |     20 |     12 |      8 |      0 |      3 |   1 |   20.0 |
         Sewer |    193 |    193 |      0 |      0 |     74 |   1 |  193.0 |
       Ossuary |    291 |    291 |      0 |     63 |     17 |   1 |  291.0 |
               +--------+--------+--------+--------+--------+-----+--------+

Top non-repeatable levels by time:
    D:10: 1521 daAuts
     D:9: 1361 daAuts
     D:8: 1317 daAuts
     D:7: 1300 daAuts
     D:2: 1035 daAuts
     D:5: 1033 daAuts
     D:3: 1028 daAuts
     D:4: 1028 daAuts
     D:1: 846 daAuts
     D:6: 786 daAuts
 Ossuary: 291 daAuts
   Sewer: 193 daAuts
    D:11: 91 daAuts
  Temple: 20 daAuts
